 Dungeon Crawl Stone Soup version 0.30.0-20-g3615ddf2f0 (webtiles) character file.

Game seed: 14128618769892045252

267 qw the Chopper (level 6, -3/39 HPs)
             Began as a Gargoyle Fighter on June 1, 2023.
             Slain by Duvessa
             ... wielding a +0 short sword
              (6 damage)
             ... on level 4 of the Dungeon.
             The game lasted 00:01:30 (2963 turns).

qw the Chopper (Gargoyle Fighter)                   Turns: 2963, Time: 00:01:31

Health: -3/39      AC: 13    Str: 22    XL:     6   Next: 21%
Magic:  6/6        EV:  8    Int:  8    God:
Gold:   212        SH:  4    Dex:  9    Spells: 5/5 levels left

rFire   + . .        Y - +1 war axe
rCold   + . .        c - +0 buckler
rNeg    + . .        h - +0 chain mail
rPois   inf          (no helmet)
rElec   +            i - scarf {rC+ rF+}
rCorr   .            (no gloves)
SInv    .            (no boots)
Will    .....        (no amulet) Stlth
                     (no ring)
HPRegen 0.26/turn    (no ring)
MPRegen 0.10/turn

%: no passive effects
@: no status effects
A: sickness immunity, AC +4, negative energy resistance 1, electricity
resistance, torment resistance 1, petrification resistance
a: no special abilities


You were on level 4 of the Dungeon.
You visited 1 branch of the dungeon, and saw 4 of its levels.

You collected 212 gold pieces.


Innate Abilities, Weirdness & Mutations

You are immune to sickness and miasma.
Your stone body is resilient. (AC +4)
You are immune to poison.
You resist negative energy. (rN+)
You are resistant to electric shocks. (rElec)
You are resistant to unholy torment.
You are immune to petrification.


   Skills:
 - Level 4.4 Fighting
 + Level 5.0 Axes
 - Level 1.0 Throwing
 - Level 3.2 Armour
 - Level 3.2 Shields


You had 5 spell levels left.
You didn't know any spells.
Your spell library was empty.

Inventory:

Hand Weapons
 e - a +0 flail
 Y - a +1 war axe (weapon)
Missiles
 a - 9 javelins (quivered)
Armour
 c - a +0 buckler (worn)
 h - a +0 chain mail (worn)
 i - a scarf of resistance (worn)
Scrolls
 g - a scroll of identify
Potions
 b - a potion of degeneration {unknown}
 d - a potion of might
 f - 4 potions of curing
 j - a potion of cancellation

Dungeon Overview and Level Annotations

Branches:
Dungeon (4/15)
 Temple: D:4-7

Altars:
Elyvilon
Nemelex Xobeh

Annotations:
D:4 Duvessa, Grinder


Message History

HP restored.
Found a stone staircase leading down.
Enter note:
There is a stone staircase leading down here.
There is a stone staircase leading down here.
b - a smoky purple potion
Enter note: Dowan, Brother of Duvessa comes into view.
He is wielding a +0 dagger.
Dowan shouts!
Enter note: Duvessa, Sister of Dowan comes into view.
She is wielding a +0 short sword.
Enter note: Dowan hits you but does no damage.
You slash Dowan!
Dowan is heavily wounded.
Dowan hits you but does no damage.
You slash Dowan!
You kill Dowan!
Duvessa weeps, and shakes her weapon.
Duvessa goes berserk!
You hit Duvessa. Duvessa barely misses you.
Duvessa hits you with a +0 short sword!
Your Fighting skill increases to level 4!
You have reached level 6!
You completely miss Duvessa.
Duvessa is lightly wounded.
Duvessa hits you but does no damage. Duvessa hits you with a +0 short sword!
You closely miss Duvessa.
Duvessa is lightly wounded.
Duvessa hits you with a +0 short sword. x2
You hit Duvessa but do no damage.
Duvessa is lightly wounded.
Duvessa hits you with a +0 short sword.
You hit Duvessa.
Duvessa is lightly wounded.
Duvessa hits you with a +0 short sword! Duvessa hits you but does no damage.
You block Duvessa's attack.
You closely miss Duvessa.
Duvessa is lightly wounded.
Duvessa hits you with a +0 short sword.
You die...

#.....#......##...###
#.###...####>...###
#.# ##### #.#### #.#
########.....# #.#
#......####..... #.#
#......# .... #.#
#......# ...
#.###......#... ##
#......@)......
#####...e..#...
########


You could see Duvessa (berserk).

Vanquished Creatures
  Dowan (D:4)
  Terence (D:2)
  4 gnolls (D:3)
  7 adders
  2 worms
  2 dart slugs (D:2)
  10 ball pythons
  7 endoplasms
  4 giant cockroaches (D:1)
  8 goblins
  8 hobgoblins
  A quokka (D:1)
  11 bats
  3 frilled lizards
  12 kobolds
  3 rats
84 creatures vanquished.

Notes
Turn   | Place    | Note
-------+----------+-------------------------------------------
     0 | D:1      | qw the Gargoyle Fighter began the quest for the Orb.
     0 | D:1      | Reached XP level 1. HP: 14/14 MP: 1/1
     0 | D:1      | 0 ||| qw: Version: 0.2-a-102-gdf20003
     0 | D:1      | 0 ||| qw: Game counter: 712
     0 | D:1      | 0 ||| qw: Always use a shield: true
     0 | D:1      | 0 ||| qw: God list: Okawaru
     0 | D:1      | 0 ||| qw: Allow faded altars: false
     0 | D:1      | 0 ||| qw: Do Orc after D:15 true
     0 | D:1      | 0 ||| qw: Do second Lair branch before Depths: true
     0 | D:1      | 0 ||| qw: Lair rune preference: random
     0 | D:1      | 0 ||| qw: Plans: Normal, Zot:1-4, Slime:5, God:TSO, Crypt,
                  | Tomb, Pan, Hells, Abyss, Win
     0 | D:1      | 0 ||| PLANNING D:1-11
    29 | D:1      | Reached skill level 2 in Axes
    71 | D:1      | 71 ||| Stepping ~*~*~tactically~*~*~ (stealth).
    72 | D:1      | 72 ||| Stepping ~*~*~tactically~*~*~ (stealth).
    80 | D:1      | Reached XP level 2. HP: 19/19 MP: 2/2
    80 | D:1      | 80 ||| Stepping ~*~*~tactically~*~*~ (stealth).
   203 | D:1      | 203 ||| Stepping ~*~*~tactically~*~*~ (stealth).
   205 | D:1      | 205 ||| Stepping ~*~*~tactically~*~*~ (stealth).
   217 | D:1      | Reached skill level 3 in Axes
   240 | D:1      | 240 ||| Stepping ~*~*~tactically~*~*~ (stealth).
   241 | D:1      | 241 ||| Stepping ~*~*~tactically~*~*~ (stealth).
   242 | D:1      | 242 ||| Stepping ~*~*~tactically~*~*~ (stealth).
   248 | D:1      | Reached XP level 3. HP: 23/23 MP: 3/3
   344 | D:1      | 344 ||| Stepping ~*~*~tactically~*~*~ (hiding).
   347 | D:1      | 347 ||| Stepping ~*~*~tactically~*~*~ (stealth).
   366 | D:1      | 366 ||| DROPPING +0 club.
   519 | D:1      | 519 ||| UPGRADING to +0 chain mail.
   529 | D:1      | 529 ||| DROPPING +0 scale mail.
   530 | D:1      | 530 ||| READING scroll labelled TUBAIH GIGGA.
   531 | D:1      | 531 ||| READING 2 scrolls labelled NUTHRI ETOC.
   532 | D:1      | 532 ||| READING scroll labelled ROUWE KALEVVE.
   533 | D:1      | 533 ||| DRINKING 2 viscous golden potions.
   620 | D:2      | Reached XP level 4. HP: 24/28 MP: 4/4
  1002 | D:2      | Reached skill level 4 in Axes
  1020 | D:2      | 1020 ||| Stepping ~*~*~tactically~*~*~ (stealth).
  1022 | D:2      | 1022 ||| Stepping ~*~*~tactically~*~*~ (stealth).
  1434 | D:2      | Identified the +9 falchion of the Omega Point {heavy, Str-4
                  | Dex+4}
  1458 | D:2      | Noticed Terence
  1466 | D:2      | Killed Terence
  1492 | D:2      | 1492 ||| DROPPING +0 whip.
  1528 | D:2      | 1528 ||| READING scroll labelled WIKOYK HUFOPH.
  1529 | D:2      | 1529 ||| READING scroll labelled PETEAR GYODIRA.
  1629 | D:3      | 1629 ||| Stepping ~*~*~tactically~*~*~ (hiding).
  1634 | D:3      | Reached XP level 5. HP: 32/32 MP: 5/5
  1781 | D:3      | 1781 ||| Stepping ~*~*~tactically~*~*~ (hiding).
  1796 | D:3      | Reached skill level 1 in Throwing
  1887 | D:3      | 1887 ||| Stepping ~*~*~tactically~*~*~ (hiding).
  2075 | D:3      | 2075 ||| Stepping ~*~*~tactically~*~*~ (stealth).
  2077 | D:3      | 2077 ||| Stepping ~*~*~tactically~*~*~ (stealth).
  2092 | D:3      | 2092 ||| Stepping ~*~*~tactically~*~*~ (stealth).
  2093 | D:3      | 2093 ||| Stepping ~*~*~tactically~*~*~ (stealth).
  2115 | D:3      | Reached skill level 5 in Axes
  2407 | D:3      | Found a sparkling altar of Nemelex Xobeh.
  2410 | D:3      | Found a white marble altar of Elyvilon.
  2621 | D:3      | 2621 ||| UPGRADING to scarf of resistance.
  2626 | D:3      | 2626 ||| READING scroll labelled APNUTE WAEDU.
  2627 | D:3      | 2627 ||| READING 3 scrolls of identify.
  2627 | D:3      | 2627 ||| IDENTIFYING orange potion
  2628 | D:3      | 2628 ||| READING 2 scrolls of identify.
  2628 | D:3      | 2628 ||| IDENTIFYING purple potion
  2629 | D:3      | 2629 ||| DROPPING potion of brilliance.
  2806 | D:4      | Noticed Grinder
  2807 | D:4      | 2807 ||| Stepping ~*~*~tactically~*~*~ (hiding).
  2829 | D:4      | 2829 ||| FLEEEEING.
  2830 | D:4      | 2830 ||| FLEEEEING.
  2835 | D:4      | 2835 ||| FLEEEEING.
  2836 | D:4      | 2836 ||| FLEEEEING.
  2844 | D:4      | 2844 ||| FLEEEEING.
  2953 | D:4      | Noticed Dowan
  2954 | D:4      | Noticed Duvessa
  2958 | D:4      | Killed Dowan
  2959 | D:4      | Reached XP level 6. HP: 23/39 MP: 6/6
  2961 | D:4      | HP: 9/39 [Duvessa/+0 short sword (2)]
  2962 | D:4      | HP: 3/39 [Duvessa/+0 short sword (7)]
  2963 | D:4      | Slain by Duvessa

Levels and vault maps discovered:
D:1:      minmay_arrival_open_corners, layout_rooms
D:2:      layout_basic, kennysheep_generic_room_5, uniq_terence
D:3:      layout_basic, mainiacjoe_overflow_divided_tiny, minmay_vboxes
D:4:      minmay_octagon_keep, layout_basic, uniq_grinder, uniq_duvessa

Skill      XL: |  1  2  3  4  5 |
---------------+----------------+-----
Axes           | 2 3 4 5 |  5.0
Throwing       | 1 |  1.0
Fighting       | 4 |  4.4
Armour         | |  3.2
Shields        | |  3.2

Action                     |  1- 3 |  4- 6 || total
---------------------------+-------+-------++-------
  Melee: War axe           |    91 |   127 ||   218
  Throw: Javelin           |       |    28 ||    28
    Use: Scroll            |     3 |     5 ||     8
         Potion            |     1 |       ||     1
 Armour: Scale mail        |    42 |       ||    42
         Chain mail        |    20 |    61 ||    81
  Dodge: Dodged            |    55 |    38 ||    93
  Block: Buckler           |    18 |    24 ||    42

Table legend:
 A = Non-vault XP
 B = Vault XP
 C = Vault XP percentage of total XP
 D = Non-vault monster count
 E = Vault monster count
 F = Vault count percentage of total count
                 A         B        C        D         E       F
            +---------+---------+-------+---------+---------+-------
      Total |     224 |     158 |  41.4 |      74 |      10 |  11.9
            +---------+---------+-------+---------+---------+-------
        D:1 |      47 |       0 |   0.0 |      29 |       0 |   0.0
        D:2 |      65 |      50 |  43.5 |      21 |       2 |   8.7
        D:3 |      84 |      39 |  31.7 |      21 |       7 |  25.0
        D:4 |      28 |      69 |  71.1 |       3 |       1 |  25.0
            +---------+---------+-------+---------+---------+-------
